 Dungeon Crawl Stone Soup version 0.23.0-28-g6fe0f4d (webtiles) character file.

Game seed: 1310732743392281219

42 kidcy the Conjurer (level 3, -2/19 HPs)
             Began as a Deep Elf Conjurer on Feb 25, 2019.
             Shot with a stone by a goblin (3 damage)
             ... on level 2 of the Dungeon.
             The game lasted 00:04:33 (1679 turns).

kidcy the Conjurer (Deep Elf Conjurer)              Turns: 1679, Time: 00:04:34

Health: -2/19      AC:  2    Str:  5    XL:     3   Next: 35%
Magic:  10/10      EV: 13    Int: 20    God:
Gold:   59         SH:  0    Dex: 15    Spells: 8/9 levels left

rFire    . . .     SeeInvis .   e - +2 dagger (drain)
rCold    . . .     Gourm    .   (no shield)
rNeg     . . .     Faith    .   a - +0 robe
rPois    .         Spirit   .   (no helmet)
rElec    .         Reflect  .   (no cloak)
rCorr    .         Harm     .   (no gloves)
MR       .....                  (no boots)
Stlth    ++........             (no amulet)
HPRegen  0.06/turn              (no ring)
MPRegen  0.12/turn              (no ring)

@: no status effects
A: no striking features
a: no special abilities


You were on level 2 of the Dungeon.
You were not hungry.

You visited 1 branch of the dungeon, and saw 2 of its levels.

You collected 59 gold pieces.

Inventory:

Hand Weapons
 e - a +2 dagger of draining (weapon)
Armour
 a - a +0 robe (worn)
Jewellery
 g - an uncursed amulet of regeneration {unknown}
Scrolls
 b - a scroll of noise {unknown}
 d - 4 scrolls of identify {unknown}
 h - a scroll of immolation {unknown}
 k - a scroll of magic mapping {unknown}
Potions
 f - a potion of brilliance {unknown}
 i - a potion of haste {unknown}
 l - 2 potions of flight {unknown}
Comestibles
 c - 4 rations


   Skills:
 - Level 2.4 Dodging
 - Level 2.4 Stealth
 + Level 3.8 Spellcasting
 * Level 5.3 Conjurations


You had 8 spell levels left.
You knew the following spells:

 Your Spells              Type           Power        Failure   Level  Hunger
a - Magic Dart            Conj           ####         1%          1    None

Your spell library contained the following spells:

 Spells                   Type           Power        Failure   Level  Hunger
 Searing Ray              Conj           ####..       2%          2    ##.....
 Dazzling Spray           Conj/Hex       ##....       13%         3    ###....
 Iskenderun's Mystic Bla  Conj           ####....     14%         4    ####...
 Force Lance              Conj/Tloc      ##......     41%         4    ####...
 Fulminant Prism          Conj/Hex       ##........   41%         4    ####...


Dungeon Overview and Level Annotations

Branches:
Dungeon (2/15)

Altars:
Ashenzari


Message History

There is an open door here.
All of the chunks of flesh in your inventory have rotted away.
A goblin comes into view. It is wielding a +0 dagger.
The goblin shouts!
You hear a shout!
The goblin unwields a +0 dagger.
The goblin wields a +2 hunting sling of freezing.
It is covered in frost.
The goblin shoots a stone.
The stone closely misses you.
The goblin shoots a stone.
The stone hits you! The stone freezes you.
A kobold comes into view.
You see here a stone.
The goblin shoots a stone.
The stone hits you.
* * * LOW HITPOINT WARNING * * *
The stone freezes you.
* * * LOW HITPOINT WARNING * * *
You see here a stone.
The goblin shoots a stone.
The stone hits you.
* * * LOW HITPOINT WARNING * * *
The stone freezes you.
You die...

# ######## ### #
.......###.# .#
######.##..#####.# #
#..............#
###.##.##..###.#+##
...............(..#
###.##.##..##...(.# #
#.............@.# #
#..#.##..........K....
###..#.##........g......
...........#...#..#####.
.......##.##...#..#
.......+..........#
.......##.##...#...
..........##.. ....
....##.##.#


You could see a goblin and a kobold.

Vanquished Creatures
  5 dart slugs
  7 bats
  A giant cockroach (D:2)
  6 goblins (D:1)
  3 hobgoblins (D:1)
  4 kobolds
  A frilled lizard (D:1)
  5 rats
32 creatures vanquished.

Notes
Turn   | Place    | Note
-------+----------+-------------------------------------------
     0 | D:1      | kidcy the Deep Elf Conjurer began the quest for the Orb.
     0 | D:1      | Reached XP level 1. HP: 10/10 MP: 6/6
   204 | D:1      | Reached XP level 2. HP: 9/15 MP: 2/8
   778 | D:1      | Reached skill level 5 in Conjurations
  1042 | D:1      | Reached XP level 3. HP: 19/19 MP: 7/10
  1340 | D:2      | Found a shattered altar of Ashenzari.
  1679 | D:2      | Shot with a stone by a goblin

Skill      XL: |  1  2 |
---------------+-------+-----
Conjurations   | 5 |  5.3
Dodging        | |  2.4
Stealth        | |  2.4
Spellcasting   | |  3.8

Action                   || total
-------------------------++-------
Melee: Dagger            ||    46
 Cast: Magic Dart        ||    27
 Stab: Sleeping          ||     3
       Distracted        ||     1
  Eat: Chunk             ||     2
Armor: Robe              ||    20
Dodge: Dodged            ||    54
